[Event "January 2 Early 2024"]
[Site "https://www.chess.com"]
[Date "2024.01.02"]
[Round "9"]
[White "Manukian, Artak"]
[Black "Rose, Felix"]
[Result "1-0"]
[Board "123"]
[TimeControl "180+1"]
[WhiteFideId "13301373"]
[BlackFideId "5105722"]
[WhiteElo "2586"]
[BlackElo "2219"]
[WhiteTeam "ARM"]
[BlackTeam "MEX"]
[WhiteClock "0:00:57"]
[BlackClock "0:00:01"]

1. e4 e5 2. Nf3 Nc6 3. d4 exd4 4. Nxd4 Nf6 5. Nxc6 bxc6 6. e5 Qe7 7. Qe2 Nd5 8. c4 Nb6 9. b3 Ba6 10. g3 Qe6 11. Nc3 Bb4 12. Bb2 O-O 13. Bg2 Qe7 14. O-O d5 15. exd6 Qxe2 16. Nxe2 Rae8 17. Nd4 Bxd6 18. Bxc6 Rd8 19. Nf5 f6 20. Rad1 Bc8 21. Nxd6 Rxd6 22. Rxd6 cxd6 23. Ba3 Rd8 24. Rd1 d5 25. cxd5 Kf7 26. d6 Bg4 27. f3 Bd7 28. Be4 f5 29. Bd3 g6 30. Kf2 Nc8 31. Bc4+ Be6 32. Bb5 Nb6 33. h4 Nd5 34. Bc6 Nc3 35. Rd2 a6 36. Bb4 Nb5 37. a4 Na7 38. Bb7 Bxb3 39. Bc5 Nc8 40. Bxc8 Rxc8 41. d7 Rd8 42. Bb6 Rxd7 43. Rxd7+ 1-0

[Event "January 2 Early 2024"]
[Site "https://www.chess.com"]
[Date "2024.01.02"]
[Round "9"]
[White "Paragua, Megan Althea"]
[Black "Khamdamova, Afruza"]
[Result "0-1"]
[Board "124"]
[TimeControl "180+1"]
[WhiteFideId "30973007"]
[BlackFideId "14210444"]
[WhiteElo "2365"]
[BlackElo "2526"]
[WhiteTeam "USA"]
[BlackTeam "UZB"]
[WhiteClock "0:00:18"]
[BlackClock "0:00:42"]

1. e4 e5 2. Nf3 Nc6 3. d4 exd4 4. Nxd4 Nf6 5. Nc3 Bb4 6. Nxc6 bxc6 7. Bd3 O-O 8. O-O d5 9. exd5 cxd5 10. Bg5 c6 11. Qf3 Bd6 12. h3 h6 13. Bh4 Rb8 14. Rab1 Rb4 15. Bg3 Be6 16. a3 Rb8 17. Ne2 Bxg3 18. Qxg3 c5 19. b3 c4 20. Nf4 cxd3 21. Qxd3 Qd6 22. Ne2 Qxa3 23. Nd4 Qd6 24. Ra1 Qd7 25. Ra6 Ne4 26. Nxe6 fxe6 27. Qd4 Rb7 28. f3 Ng3 29. Re1 Nf5 30. Qg4 Rf6 31. Rea1 Qc7 32. c4 Qc5+ 33. Kh1 Kh7 34. h4 Rg6 35. Qh3 dxc4 36. Rxe6 Rxe6 0-1

[Event "January 2 Early 2024"]
[Site "https://www.chess.com"]
[Date "2024.01.02"]
[Round "9"]
[White "Bold, Andre"]
[Black "Bueno, Alfeu Junior Varela"]
[Result "1-0"]
[Board "125"]
[TimeControl "180+1"]
[WhiteFideId "16208471"]
[BlackFideId "2108879"]
[WhiteElo "2502"]
[BlackElo "2350"]
[WhiteTeam "GER"]
[BlackTeam "BRA"]
[WhiteClock "0:00:02"]
[BlackClock "0:00:00"]

1. d4 e6 2. Nf3 f5 3. g3 b6 4. Bg2 Bb7 5. O-O Nf6 6. c4 Be7 7. Nc3 Ne4 8. Ne5 Nxc3 9. bxc3 Bxg2 10. Kxg2 O-O 11. f3 d6 12. Nd3 Qe8 13. a4 a5 14. Ba3 Kh8 15. c5 bxc5 16. dxc5 d5 17. Nf4 Bf6 18. Rc1 c6 19. c4 d4 20. Nd3 e5 21. Rb1 Nd7 22. Rb7 Qe6 23. Qb3 Rfd8 24. Rb1 h6 25. Qd1 Nf8 26. Qc2 Ng6 27. Rc7 e4 28. Nf2 Re8 29. Rbb7 Rad8 30. Bc1 d3 31. Qd1 Ne5 32. fxe4 fxe4 33. Bb2 e3 34. Nxd3 Nxd3 35. Bxf6 Qxf6 36. Qf1 Qxf1+ 37. Kxf1 Nxc5 38. Ra7 Ne6 39. Rxc6 Rd1+ 40. Kg2 Nd4 41. Rg6 Rg8 42. Rxa5 Nxe2 43. Re5 Nd4 44. Rxe3 Rd2+ 45. Kh3 Rf8 46. Re7 Rf5 47. Rgxg7 Rh5+ 48. Kg4 Rg5+ 49. Rxg5 hxg5 50. h4 gxh4 51. gxh4 Rg2+ 52. Kf4 Rg6 53. Re8+ Kh7 54. Re5 Ne6+ 55. Ke4 Ng7 56. Kd5 Ra6 57. c5 Rxa4 58. c6 Ra8 59. c7 Ne8 60. Kc6 1-0

[Event "January 2 Early 2024"]
[Site "https://www.chess.com"]
[Date "2024.01.02"]
[Round "9"]
[White "Novikov, Evgenij"]
[Black "Poddubnyi, Viktor"]
[Result "1-0"]
[Board "126"]
[TimeControl "180+1"]
[WhiteFideId "4125380"]
[BlackFideId "4141989"]
[WhiteElo "2492"]
[BlackElo "2330"]
[WhiteTeam "RUS"]
[BlackTeam "RUS"]
[WhiteClock "0:01:10"]
[BlackClock "0:00:00"]

1. g4 g6 2. b4 Bg7 3. Nc3 d5 4. Bg2 Bxg4 5. Bxd5 c6 6. Bf3 Bxc3 7. dxc3 Qxd1+ 8. Kxd1 Nf6 9. c4 Na6 10. b5 O-O-O+ 11. Ke1 Nb4 12. Rb1 Nxc2+ 13. Kf1 Rd1+ 14. Kg2 Ne1+ 15. Kg3 Nxf3 16. bxc6 bxc6 17. exf3 Bf5 18. Ra1 Rhd8 19. Kg2 Re1 20. Bb2 Rxa1 21. Bxa1 Rd2 22. Nh3 Bxh3+ 23. Kxh3 Rxa2 24. Bd4 a5 25. Re1 Rd2 26. Bc3 Rd3 27. Bxa5 e6 28. Kg2 Nd7 29. Ra1 Ne5 30. c5 Nxf3 31. Bb6 Nh4+ 32. Kf1 e5 33. Ra8+ Kd7 34. Rd8+ 1-0

[Event "January 2 Early 2024"]
[Site "https://www.chess.com"]
[Date "2024.01.02"]
[Round "9"]
[White "Dahl, Trygve"]
[Black "Santos Flores, Alberto"]
[Result "0-1"]
[Board "127"]
[TimeControl "180+1"]
[WhiteFideId "1513427"]
[BlackFideId "3601234"]
[WhiteElo "2328"]
[BlackElo "2489"]
[WhiteTeam "NOR"]
[BlackTeam "ECU"]
[WhiteClock "0:00:00"]
[BlackClock "0:00:10"]

1. Nf3 Nf6 2. d4 d6 3. g3 g6 4. Bg2 Bg7 5. O-O O-O 6. b3 Nbd7 7. Bb2 Re8 8. c4 e5 9. dxe5 dxe5 10. Qc1 c6 11. Rd1 Qc7 12. Nc3 a5 13. Ba3 Bf8 14. Bxf8 Nxf8 15. Qa3 e4 16. Nd4 e3 17. f4 Ne6 18. Nxe6 Bxe6 19. Rd3 Bf5 20. Rd6 Qe7 21. Rad1 Rad8 22. c5 Rxd6 23. cxd6 Qd8 24. Qc5 Ne4 25. Bxe4 Bxe4 26. d7 Re6 27. Rd6 Rxd6 28. Qxd6 Bf5 29. Nd1 Qxd7 30. Qxd7 Bxd7 31. Nxe3 b5 32. Kf2 Be6 33. Nc2 c5 34. e4 c4 35. bxc4 Bxc4 36. a3 Kf8 37. Ke3 Ke7 38. Kd4 Kd6 39. Ne3 Bb3 40. Ng4 b4 41. axb4 axb4 42. Ne5 Be6 43. Nd3 b3 44. Kc3 f5 45. e5+ Kd5 46. Kxb3 Ke4+ 47. Kc3 Kf3 48. Nc5 Bd5 49. e6 Bc6 50. Nd7 Kg2 51. Nf6 Kxh2 52. Nxh7 Kxg3 53. Nf8 Be8 54. Kd4 Kxf4 55. Nd7 g5 56. Nf6 Bc6 57. Kc5 Ba4 58. e7 g4 59. Kd6 g3 60. Nd7 Bxd7 61. Kxd7 g2 62. e8=Q g1=Q 63. Qb8+ Kf3 64. Ke6 f4 65. Ke5 Qe3+ 66. Kf5 Qe4+ 67. Kg5 Qd5+ 68. Kh4 Ke2 69. Qb2+ Ke3 70. Qc3+ Qd3 71. Qe1+ Qe2 72. Qc3+ Kf2 0-1

[Event "January 2 Early 2024"]
[Site "https://www.chess.com"]
[Date "2024.01.02"]
[Round "9"]
[White "Petre, Nad-Titus"]
[Black "Lacasa Diaz, Josep Anton"]
[Result "0-1"]
[Board "128"]
[TimeControl "180+1"]
[WhiteFideId "1204165"]
[BlackFideId "2203375"]
[WhiteElo "2480"]
[BlackElo "2319"]
[WhiteTeam "ROU"]
[BlackTeam "ESP"]
[WhiteClock "0:00:00"]
[BlackClock "0:00:13"]

1. e4 g6 2. d4 Bg7 3. Nc3 d6 4. f4 a6 5. Nf3 b5 6. Bd3 Bb7 7. O-O Nd7 8. a4 b4 9. Ne2 c5 10. c3 bxc3 11. bxc3 Qc7 12. Rb1 c4 13. Bc2 Ngf6 14. e5 Nd5 15. Ng5 h6 16. Nxf7 Kxf7 17. e6+ Kxe6 18. f5+ Kf7 19. fxg6+ Ke8 20. Ng3 N7f6 21. Qe1 Kd8 22. Nf5 Rg8 23. Bxh6 Bxh6 24. Nxh6 Rg7 25. Qe6 Qc6 26. Rf2 Nf4 27. Nf7+ Rxf7 28. Qxf7 Nh3+ 29. Kf1 Nxf2 30. Rxb7 Qxb7 31. g7 Nd3 32. Bd1 Kd7 33. Qxc4 Qe4 34. Be2 Nf4 35. Bf3 Qb1+ 36. Kf2 Rc8 37. Qxa6 Qc2+ 38. Kg3 N4h5+ 39. Kh4 Nxg7 40. Qa7+ Ke8 0-1

[Event "January 2 Early 2024"]
[Site "https://www.chess.com"]
[Date "2024.01.02"]
[Round "9"]
[White "Lopusiewicz, Piotr"]
[Black "Larina, Maria"]
[Result "1-0"]
[Board "129"]
[TimeControl "180+1"]
[WhiteFideId "1116029"]
[BlackFideId "24113182"]
[WhiteElo "2478"]
[BlackElo "2317"]
[WhiteTeam "POL"]
[BlackTeam "FID"]
[WhiteClock "0:00:22"]
[BlackClock "0:00:00"]

1. d4 f5 2. Bf4 d6 3. e3 Nf6 4. Nc3 g6 5. h4 h6 6. Qf3 e6 7. O-O-O Qe7 8. Qg3 Rg8 9. Bc4 Nh5 10. Qh2 Nxf4 11. exf4 d5 12. Nxd5 exd5 13. Bxd5 Rg7 14. Nf3 Qd6 15. Rhe1+ Re7 16. Bb3 Nc6 17. h5 Bd7 18. hxg6 Qxg6 19. d5 Na5 20. Ne5 Rxe5 21. fxe5 Nxb3+ 22. axb3 O-O-O 23. e6 Be8 24. f4 Be7 25. Kb1 h5 26. Qh3 Qg4 27. Qe3 Kb8 28. g3 Bg6 29. c4 b6 30. b4 Bxb4 31. e7 Re8 32. d6 Bxd6 33. c5 bxc5 34. Qb3+ Ka8 35. Qd5+ Kb8 36. Rd3 1-0

[Event "January 2 Early 2024"]
[Site "https://www.chess.com"]
[Date "2024.01.02"]
[Round "9"]
[White "Zampronha, Wladimir Camilo"]
[Black "Tikhonov, Viacheslav"]
[Result "0-1"]
[Board "130"]
[TimeControl "180+1"]
[WhiteFideId "2103087"]
[BlackFideId "44196407"]
[WhiteElo "2312"]
[BlackElo "2469"]
[WhiteTeam "BRA"]
[BlackTeam "RUS"]
[WhiteClock "0:02:39"]
[BlackClock "0:02:30"]

1. e4 c5 2. Nf3 g6 3. d4 cxd4 4. Nxd4 Nc6 5. Nc3 Bg7 6. Be3 Nf6 7. Bc4 Qa5 8. Bb3 Nxe4 9. O-O Nxc3 10. bxc3 Qxc3 11. Nb5 Qa5 12. c3 Qxb5 0-1

[Event "January 2 Early 2024"]
[Site "https://www.chess.com"]
[Date "2024.01.02"]
[Round "9"]
[White "Skaric, Djuro"]
[Black "Pourkashiyan, Atousa"]
[Result "0-1"]
[Board "131"]
[TimeControl "180+1"]
[WhiteFideId "934569"]
[BlackFideId "12502014"]
[WhiteElo "2303"]
[BlackElo "2455"]
[WhiteTeam "SRB"]
[BlackTeam "USA"]
[WhiteClock "0:00:50"]
[BlackClock "0:00:51"]

1. g3 d5 2. Bg2 c6 3. d3 Nf6 4. Nf3 Bg4 5. O-O e6 6. Nc3 Nbd7 7. h3 Bxf3 8. Bxf3 Be7 9. Bg2 O-O 10. e4 Bb4 11. Bd2 Bxc3 12. Bxc3 e5 13. f4 d4 14. fxe5 Nxe5 15. Bb4 Re8 16. b3 b6 17. Bd2 c5 18. g4 Nfd7 19. Qe1 Rc8 20. Qg3 b5 21. Rf2 c4 22. bxc4 bxc4 23. g5 c3 24. Bf4 Rb8 25. h4 Rb2 26. Bh3 Qa5 27. a4 Qb4 28. Raf1 Rb1 29. Bxd7 Nxd7 30. Bd6 Rxf1+ 31. Rxf1 Qxa4 32. Qf4 Qa2 33. e5 Qd5 34. h5 Nxe5 35. Bxe5 Rxe5 36. g6 Rg5+ 37. Kf2 Rf5 38. Kg3 Rxf4 0-1

[Event "January 2 Early 2024"]
[Site "https://www.chess.com"]
[Date "2024.01.02"]
[Round "9"]
[White "Ambrogi, Agustin"]
[Black "Blokhin, Sofia"]
[Result "1-0"]
[Board "132"]
[TimeControl "180+1"]
[WhiteFideId "170933"]
[BlackFideId "4508190"]
[WhiteElo "2446"]
[BlackElo "2295"]
[WhiteTeam "ARG"]
[BlackTeam "EST"]
[WhiteClock "0:01:23"]
[BlackClock "0:00:38"]

1. e4 c5 2. Nc3 e6 3. g3 g6 4. Bg2 Bg7 5. f4 Nc6 6. d3 Nge7 7. Nf3 O-O 8. O-O d5 9. Bd2 b6 10. a3 Bb7 11. Ng5 h6 12. Nh3 d4 13. Ne2 b5 14. g4 f5 15. Ng3 c4 16. Bb4 a5 17. Bc5 Rc8 18. gxf5 exf5 19. exf5 gxf5 20. Qh5 Rf6 21. Bxe7 Qxe7 22. Nxf5 Rxf5 23. Qxf5 Qe3+ 24. Kh1 Ne7 25. Qg4 Rc6 26. Rae1 Qd2 27. Rxe7 Qxg2+ 28. Qxg2 Rb6 29. Rxg7+ Kf8 30. Rxb7 1-0

[Event "January 2 Early 2024"]
[Site "https://www.chess.com"]
[Date "2024.01.02"]
[Round "9"]
[White "Martin, Lewis"]
[Black "Bashirli, Saadat"]
[Result "0-1"]
[Board "133"]
[TimeControl "180+1"]
[WhiteFideId "410551"]
[BlackFideId "13429990"]
[WhiteElo "2293"]
[BlackElo "2435"]
[WhiteTeam "ENG"]
[BlackTeam "AZE"]
[WhiteClock "0:00:02"]
[BlackClock "0:00:05"]

1. c4 e6 2. g3 d5 3. Bg2 c6 4. Nf3 Nf6 5. O-O Bd6 6. d4 O-O 7. Nc3 Nbd7 8. cxd5 exd5 9. Bf4 Qe7 10. a3 Nb6 11. Bxd6 Qxd6 12. Ne5 Ng4 13. Nxg4 Bxg4 14. f3 Bd7 15. e4 dxe4 16. fxe4 Rad8 17. Qd3 Be6 18. Rfd1 Nc4 19. Rab1 b5 20. h3 Rfe8 21. a4 a6 22. axb5 axb5 23. b3 Nb6 24. d5 Qc5+ 25. Qd4 Qxd4+ 26. Rxd4 cxd5 27. exd5 Bf5 28. Rbd1 Re3 29. Nxb5 Rxb3 30. Na7 Rxg3 31. Kh2 Re3 32. Nc6 Rd6 33. Rb4 Nd7 34. Ra1 h6 35. Ra8+ Kh7 36. Rf4 Bg6 37. Rd8 Re2 38. Nd4 Re7 39. Nf5 Bxf5 40. Rxf5 g6 41. Rf1 Rb6 42. Rc1 Ne5 43. Rcc8 g5 44. d6 Rd7 45. Be4+ Kg7 46. Rxd7 Nxd7 47. Rc6 Rb4 48. Bd5 Rb2+ 49. Kg3 Ne5 50. Rc7 Kf6 51. d7 Ke7 52. d8=Q+ Kxd8 53. Rc5 f5 54. Ra5 f4# 0-1

[Event "January 2 Early 2024"]
[Site "https://www.chess.com"]
[Date "2024.01.02"]
[Round "9"]
[White "Valle Luis, Leo"]
[Black "Onslow, Alfie"]
[Result "0-1"]
[Board "134"]
[TimeControl "180+1"]
[WhiteFideId "54577187"]
[BlackFideId "436976"]
[WhiteElo "2425"]
[BlackElo "2287"]
[WhiteTeam "ESP"]
[BlackTeam "ENG"]
[WhiteClock "0:00:06"]
[BlackClock "0:00:08"]

1. e4 c5 2. Nf3 Nc6 3. d4 cxd4 4. Nxd4 e5 5. Nb5 d6 6. c4 Be6 7. N1c3 a6 8. Na3 g6 9. Be3 Bg7 10. Be2 Nf6 11. O-O O-O 12. Nc2 Rc8 13. Rb1 Qe7 14. b4 Nd7 15. f3 f5 16. Nd5 Bxd5 17. Qxd5+ Kh8 18. Rfd1 Nf6 19. Qd3 fxe4 20. fxe4 Rcd8 21. Bf3 Qe6 22. h3 h6 23. a4 Kh7 24. b5 axb5 25. cxb5 Ne7 26. Nb4 Rd7 27. Nd5 Nexd5 28. exd5 Qf5 29. Qxf5 gxf5 30. a5 Ra8 31. Ra1 e4 32. Be2 Nxd5 33. Bd4 Nc3 34. Bxg7 Kxg7 35. Rd2 Nxe2+ 36. Rxe2 d5 37. Rd2 Kf6 38. a6 bxa6 39. bxa6 Ke5 40. Ra5 Raa7 41. Kf2 Rd6 42. g3 Raxa6 43. Rdxd5+ Rxd5 44. Rxa6 Rd2+ 45. Ke3 Rd3+ 46. Kf2 Rf3+ 47. Kg2 h5 48. Ra5+ Kf6 49. Ra6+ Ke5 50. Ra5+ Kd4 51. Ra4+ Ke3 52. Ra3+ Ke2 53. Ra2+ Ke1 54. Ra1+ Kd2 55. Ra2+ Ke3 56. Ra3+ Ke2 57. Ra2+ Kd1 58. Ra5 h4 59. gxh4 f4 60. Ra1+ Kd2 61. Ra2+ Kc1 62. Ra1+ Kd2 63. Ra2+ Kc1 64. Re2 Rg3+ 65. Kh2 e3 66. h5 Kd1 67. Ra2 e2 68. Ra1+ Kd2 69. Ra2+ Ke3 70. Ra3+ Kf2 71. Ra2 Rg2+ 72. Kh1 Rg1+ 73. Kh2 Rg2+ 74. Kh1 f3 75. h6 Rg1+ 76. Kh2 Rg2+ 77. Kh1 Kg3 78. Ra1 Rh2+ 79. Kg1 f2# 0-1

[Event "January 2 Early 2024"]
[Site "https://www.chess.com"]
[Date "2024.01.02"]
[Round "9"]
[White "Jovic, Stanoje"]
[Black "Monpeurt, Cyrielle"]
[Result "1-0"]
[Board "135"]
[TimeControl "180+1"]
[WhiteFideId "905020"]
[BlackFideId "677400"]
[WhiteElo "2421"]
[BlackElo "2285"]
[WhiteTeam "SRB"]
[BlackTeam "FRA"]
[WhiteClock "0:02:32"]
[BlackClock "0:02:10"]

1. c4 c5 2. g3 Nc6 3. Bg2 g6 4. Nc3 Bg7 5. Nf3 e6 6. O-O Nge7 7. d4 cxd4 8. Nb5 d5 9. cxd5 Nxd5 10. Nbxd4 Nxd4 11. Nxd4 O-O 12. e4 Nb6 13. Nb3 Bd7 14. Qe2 Bc6 15. Be3 Bxb2 16. Qxb2 Nc4 17. Qd4 Nxe3 18. Qxe3 Qf6 19. e5 Qf5 20. Bxc6 bxc6 21. Nd4 Qh5 22. Nxc6 Rac8 23. Ne7+ 1-0

[Event "January 2 Early 2024"]
[Site "https://www.chess.com"]
[Date "2024.01.02"]
[Round "9"]
[White "Rodriguez Avila, Alvaro"]
[Black "Seletsky, Grigory"]
[Result "1/2-1/2"]
[Board "136"]
[TimeControl "180+1"]
[WhiteFideId "24570249"]
[BlackFideId "14112191"]
[WhiteElo "2277"]
[BlackElo "2418"]
[WhiteTeam "ESP"]
[BlackTeam "UKR"]
[WhiteClock "0:00:06"]
[BlackClock "0:00:18"]

1. e4 e6 2. d4 d5 3. e5 c5 4. c3 Qd7 5. h4 b6 6. h5 h6 7. Qg4 Ba6 8. Bxa6 Nxa6 9. Nf3 cxd4 10. Nxd4 Ne7 11. Nd2 Nc5 12. O-O Nd3 13. N2f3 Nc6 14. Nxc6 Qxc6 15. Rd1 Qc4 16. Qg3 Bc5 17. Nd4 Nxc1 18. Qxg7 Rf8 19. Raxc1 O-O-O 20. Qg3 Rg8 21. Qd3 Qxd3 22. Rxd3 Rg5 23. f4 Rxh5 24. b4 Bf8 25. Rg3 Rh4 26. Rf1 Kd7 27. f5 Be7 28. fxe6+ fxe6 29. Rf7 Rf8 30. Rh7 Re8 31. Rgg7 a5 32. a3 axb4 33. axb4 Rh5 34. Nf3 Rf5 35. Kh2 Rf4 36. Kg3 Rc4 37. Rxh6 Rxc3 38. Kg4 Rc4+ 39. Kh5 Rxb4 40. g4 Re4 41. g5 b5 42. g6 b4 43. Rhh7 b3 44. Rxe7+ Rxe7 45. Rxe7+ Kxe7 46. g7 b2 47. g8=Q b1=Q 48. Qg7+ Kd8 49. Qg8+ Kc7 50. Qf7+ Kb8 51. Qe8+ Ka7 52. Qd7+ Kb8 53. Qd6+ Ka7 54. Qc7+ Ka8 55. Qc8+ Ka7 56. Qd7+ Ka8 57. Qc8+ Ka7 58. Qd7+ 1/2-1/2

[Event "January 2 Early 2024"]
[Site "https://www.chess.com"]
[Date "2024.01.02"]
[Round "9"]
[White "Nemec, Jachym"]
[Black "Cueto, Jonny"]
[Result "1-0"]
[Board "137"]
[TimeControl "180+1"]
[WhiteFideId "23716525"]
[BlackFideId "3300145"]
[WhiteElo "2416"]
[BlackElo "2261"]
[WhiteTeam "CZE"]
[BlackTeam "BOL"]
[WhiteClock "0:01:15"]
[BlackClock "0:00:00"]

1. d4 Nf6 2. c4 d6 3. Nc3 e5 4. Nf3 e4 5. Ng5 Qe7 6. Qc2 Bf5 7. f3 Nc6 8. fxe4 Nxd4 9. Qd3 Nxe4 10. Ngxe4 Nc6 11. Nxd6+ Qxd6 12. Qxf5 Be7 13. Qd3 Qf6 14. Nd5 Qe5 15. Bf4 Qxb2 16. Rb1 Qxa2 17. Nxc7+ Kf8 18. Nxa8 Nb4 19. Qb3 Nc2+ 20. Kf2 Bc5+ 21. Kg3 Qa6 22. Qxc2 Qf6 23. Qe4 h6 24. Rxb7 g5 25. Rb8+ Kg7 26. Rxh8 gxf4+ 27. Kh3 1-0

[Event "January 2 Early 2024"]
[Site "https://www.chess.com"]
[Date "2024.01.02"]
[Round "9"]
[White "Gabdushev, Ruslan"]
[Black "Slavin, Alexey"]
[Result "1/2-1/2"]
[Board "138"]
[TimeControl "180+1"]
[WhiteFideId "4137833"]
[BlackFideId "24104388"]
[WhiteElo "2416"]
[BlackElo "2255"]
[WhiteTeam "RUS"]
[BlackTeam "RUS"]
[WhiteClock "0:00:05"]
[BlackClock "0:00:44"]

1. b3 Nf6 2. Bb2 Nc6 3. e3 g6 4. Bxf6 exf6 5. d4 f5 6. g3 Bg7 7. Bg2 O-O 8. Ne2 Ne7 9. O-O c6 10. c4 d6 11. Nbc3 a6 12. a4 Re8 13. b4 Be6 14. d5 cxd5 15. cxd5 Bd7 16. Nd4 Rc8 17. Rc1 Qb6 18. b5 Bxd4 19. Qxd4 Qxd4 20. exd4 axb5 21. axb5 Rc4 22. b6 Rec8 23. Ne2 Rxc1 24. Rxc1 Rxc1+ 25. Nxc1 Nc8 26. Nb3 Nxb6 27. Na5 Bc8 28. Kf1 Kf8 29. Ke2 Ke7 30. Kd3 Kd7 31. Kc3 Kc7 32. Kb4 Bd7 33. f4 f6 34. h4 Nc8 35. Bf1 Nb6 36. Bg2 Be8 37. Nc4 Nxc4 38. Kxc4 Bf7 39. Kb5 Be8+ 40. Kb4 Kb6 41. Bf1 Bf7 42. Bc4 Kc7 43. Kb5 Be8+ 44. Kb4 Kb6 45. Bf1 Bf7 46. Bc4 Bg8 47. Bb3 Kc7 48. Kb5 Bf7 49. Bc4 h6 50. Bb3 g5 51. Bc4 Bh5 52. Bd3 Bf3 53. Kc4 Be4 54. Be2 Kb6 55. Bh5 Ka5 56. Be8 Kb6 57. Bd7 Bb1 58. Kb3 Kc7 59. Be8 Bd3 60. Kb4 Kd8 61. Ba4 Be4 62. Bb3 Kc7 63. Kb5 Bd3+ 64. Kb4 Ba6 65. Bc2 Be2 66. Bxf5 gxf4 67. gxf4 Bf3 68. Be6 Kb6 69. Bf7 Kc7 70. Be6 Kb6 71. Bf7 Kc7 72. Be6 1/2-1/2

[Event "January 2 Early 2024"]
[Site "https://www.chess.com"]
[Date "2024.01.02"]
[Round "9"]
[White "Legenia, Artem"]
[Black "Omariev, Maksim"]
[Result "1-0"]
[Board "139"]
[TimeControl "180+1"]
[WhiteFideId "14136945"]
[BlackFideId "4193423"]
[WhiteElo "2372"]
[BlackElo "2408"]
[WhiteTeam "UKR"]
[BlackTeam "RUS"]
[WhiteClock "0:00:29"]
[BlackClock "0:00:04"]

1. b4 h5 2. Bb2 h4 3. h3 d5 4. a3 Nf6 5. Nf3 Bf5 6. e3 e6 7. c4 Be7 8. Nc3 a5 9. b5 Nbd7 10. d4 dxc4 11. Bxc4 Nb6 12. Bd3 Bxd3 13. Qxd3 Nfd5 14. Rc1 O-O 15. Ne5 Bd6 16. Nc4 Nxc4 17. Qxc4 Nb6 18. Qd3 f5 19. O-O Qe7 20. a4 Rf6 21. e4 Bf4 22. Rce1 Qb4 23. Ba1 Rd8 24. d5 Qc4 25. Qxc4 Nxc4 26. dxe6 fxe4 27. Rxe4 Bg5 28. e7 Re8 29. Nd5 Nd6 30. Nxf6+ Bxf6 31. Bxf6 gxf6 32. Rxh4 Rxe7 33. Rc1 f5 34. Rd4 Kf7 35. b6 Ke6 36. bxc7 Nc8 37. Rd8 Nb6 38. c8=Q+ Nxc8 39. Rdxc8 Ke5 40. Re1+ Kf6 41. Rxe7 Kxe7 42. Rc5 b6 43. Rxf5 Kd6 44. g4 Ke6 45. f4 Kd6 46. g5 Kc6 47. g6 Kb7 48. g7 Ka6 49. g8=Q Ka7 50. Rf7+ 1-0

[Event "January 2 Early 2024"]
[Site "https://www.chess.com"]
[Date "2024.01.02"]
[Round "9"]
[White "Zhuk, Valeriy"]
[Black "Chirivi C, Jenny Astrid"]
[Result "1-0"]
[Board "140"]
[TimeControl "180+1"]
[WhiteFideId "24151254"]
[BlackFideId "4403061"]
[WhiteElo "2393"]
[BlackElo "2248"]
[WhiteTeam "RUS"]
[BlackTeam "COL"]
[WhiteClock "0:00:51"]
[BlackClock "0:00:15"]

1. e4 c5 2. Nf3 e6 3. d4 cxd4 4. Nxd4 a6 5. c4 Nf6 6. Nc3 Qc7 7. a3 b6 8. Be3 Bb7 9. f3 Be7 10. Be2 d6 11. O-O Nbd7 12. b4 O-O 13. Qe1 Rac8 14. Rc1 Qb8 15. Qf2 Ne5 16. Na4 Ba8 17. b5 a5 18. Nb3 Rc5 19. Naxc5 dxc5 20. Rfd1 Rd8 21. Rxd8+ Bxd8 22. Rd1 Bc7 23. g3 h6 24. Bf4 Ng6 25. Bxc7 Qxc7 26. Qe3 Nf8 27. Qf4 e5 28. Qd2 Ne6 29. Qd6 Ne8 30. Qxc7 N8xc7 31. Rd6 Kf8 32. Rxb6 Ke7 33. Nxa5 Nd4 34. Bd1 g5 35. Rb8 g4 36. b6 gxf3 37. bxc7 Bxe4 38. c8=Q 1-0

[Event "January 2 Early 2024"]
[Site "https://www.chess.com"]
[Date "2024.01.02"]
[Round "9"]
[White "Samaganova, Aleksandra"]
[Black "Kohler, Aran"]
[Result "1-0"]
[Board "141"]
[TimeControl "180+1"]
[WhiteFideId "13800221"]
[BlackFideId "1002856"]
[WhiteElo "2389"]
[BlackElo "2228"]
[WhiteTeam "KGZ"]
[BlackTeam "NED"]
[WhiteClock "0:00:02"]
[BlackClock "0:00:00"]

1. c4 e5 2. Nc3 Nf6 3. Nf3 e4 4. Ng5 b5 5. d3 bxc4 6. Ngxe4 Nxe4 7. dxe4 Bb4 8. Qd4 O-O 9. Qxc4 Nc6 10. Bf4 a5 11. Rd1 Ba6 12. Qb3 Rb8 13. Qc2 d6 14. g3 Qe7 15. Bg2 Ne5 16. O-O Bxc3 17. bxc3 Nc4 18. Rb1 h6 19. Rb3 a4 20. Rxb8 Rxb8 21. Qxa4 Bb5 22. Qa7 Qd8 23. Rd1 Ra8 24. Qb7 c6 25. e5 d5 26. e4 Rb8 27. Qa7 Ra8 28. Qc5 Nb2 29. Rd2 Nd3 30. Rxd3 Bxd3 31. exd5 cxd5 32. Bxd5 Rc8 33. Qd4 Bg6 34. c4 Qa5 35. e6 Rf8 36. Be3 Qxa2 37. c5 Qb1+ 38. Kg2 Bd3 39. c6 1-0

[Event "January 2 Early 2024"]
[Site "https://www.chess.com"]
[Date "2024.01.02"]
[Round "9"]
[White "Kraus, Tomas"]
[Black "Yushko, Olga"]
[Result "1/2-1/2"]
[Board "142"]
[TimeControl "180+1"]
[WhiteFideId "331708"]
[BlackFideId "14114500"]
[WhiteElo "2387"]
[BlackElo "2191"]
[WhiteTeam "CZE"]
[BlackTeam "UKR"]
[WhiteClock "0:00:01"]
[BlackClock "0:00:33"]

1. e4 e6 2. d4 d5 3. Nd2 Nf6 4. e5 Nfd7 5. f4 c5 6. Ndf3 Nc6 7. c3 Qb6 8. Qb3 Qxb3 9. axb3 cxd4 10. Nxd4 Nxd4 11. cxd4 Nb8 12. Kd2 Bb4+ 13. Ke3 Nc6 14. Bb5 Bd7 15. Ne2 O-O 16. Bd2 Be7 17. Rhc1 a6 18. Bd3 Rac8 19. g4 Bb4 20. f5 exf5 21. gxf5 Bxd2+ 22. Kxd2 Nb4 23. f6 Nxd3 24. fxg7 Nxc1 25. gxf8=Q+ Kxf8 26. Rxc1 Ke7 27. Rxc8 Bxc8 28. Nf4 Be6 29. b4 Kd7 30. Kc3 Kc6 31. Kb3 Bf5 32. Ka3 Be4 33. Kb3 Kb5 34. Kc3 b6 35. h4 a5 36. bxa5 bxa5 37. h5 h6 38. Ne2 Bf3 39. Ng3 a4 40. Nf5 Bxh5 41. Nxh6 Bg6 42. Ng4 Bf5 43. Nf6 Be6 44. Ne8 Ka5 45. Nd6 Kb6 46. Kb4 Kc6 47. Kxa4 f6 48. b4 fxe5 49. dxe5 d4 50. b5+ Kb6 51. Kb4 Bd5 52. Nc4+ Kc7 53. Nd6 Kb6 54. Nc4+ Kb7 55. Kc5 Be6 56. Kxd4 Kc7 57. Kc5 Bf5 58. b6+ Kb8 59. Nd6 Be6 60. Kc6 Bh3 61. Nf7 Bg2+ 62. Kd6 Bh3 63. e6 Bxe6 64. Nd8 Bh3 65. Nc6+ Kb7 66. Kc5 Bg2 67. Na5+ Kb8 68. Nc6+ Kb7 69. Na5+ Ka6 70. Kb4 Kxb6 1/2-1/2

[Event "January 2 Early 2024"]
[Site "https://www.chess.com"]
[Date "2024.01.02"]
[Round "9"]
[White "Gopal, K.N."]
[Black "Rios Escobar, Adan"]
[Result "1/2-1/2"]
[Board "143"]
[TimeControl "180+1"]
[WhiteFideId "5001447"]
[BlackFideId "3403645"]
[WhiteElo "2191"]
[BlackElo "2381"]
[WhiteTeam "IND"]
[BlackTeam "CHI"]
[WhiteClock "0:00:09"]
[BlackClock "0:00:07"]

1. e4 c5 2. Nf3 d6 3. d4 cxd4 4. Nxd4 Nf6 5. Nc3 a6 6. a4 g6 7. Be2 Bg7 8. Be3 O-O 9. O-O Nc6 10. Kh1 Nd7 11. f4 Nxd4 12. Bxd4 b6 13. Bf3 Bb7 14. Bxg7 Kxg7 15. Qd4+ Kg8 16. Rad1 Qc7 17. h3 Qc5 18. Qd3 Rac8 19. e5 Bxf3 20. Qxf3 Qb4 21. exd6 exd6 22. Ne4 Qxb2 23. Rxd6 Nc5 24. Nf6+ Kg7 25. Qg4 Ne6 26. Nd5 h5 27. Qg3 Nc5 28. f5 Ne4 29. f6+ Kh7 30. Qf4 Nxd6 31. Qxd6 Rcd8 32. Qc6 Qd4 33. Ne7 Rd6 34. Qf3 Rfd8 35. Nf5 Qxf6 36. Nxd6 Qxf3 37. Rxf3 Rxd6 38. Rxf7+ Kh6 39. Rc7 h4 40. Kg1 Kg5 41. Kf2 Kf5 42. Kf3 g5 43. Rc4 b5 44. axb5 axb5 45. Rc5+ Kf6 46. Rxb5 Rc6 47. Rb2 Rc3+ 48. Kf2 Kf5 49. Ke2 Kf4 50. Kf2 Rc4 51. Ke2 g4 52. hxg4 Kxg4 53. Kf2 Kf4 54. Ke2 Kg3 55. Kd3 Rf4 56. c4 Rf2 57. Rxf2 Kxf2 58. c5 Kxg2 59. c6 h3 60. c7 h2 61. c8=Q h1=Q 62. Qc6+ Kh2 63. Qh6+ Kg1 64. Qc1+ Kh2 65. Qh6+ Kg2 66. Qc6+ Kg1 67. Qxh1+ Kxh1 1/2-1/2